Map: Deathaura LE

Players

Maru

  • Race: Terran Terran
  • League: Master
  • Spawn Location: 5:00

Armani - Winner!

  • Race: Zerg Zerg
  • League: Master
  • Spawn Location: 11:00

Event: DreamHack SC2 Masters 2020 Winter

VOD

Have the link to the VOD?

Description

Time

  • Played on: Nov. 10, 2020, 9:07 a.m.
  • Length: 19:56

All games in this series

Show
View Real Time Build Order
Export as new Build Order

Maru Terran 

Build Orders: Gas First Reaper Expand, Banshee Rush 

Get SALT Encoding   

  12  0:00  SCV  
  13  0:12  SCV  
  14  0:16  Supply Depot  
  14  0:24  SCV  
  15  0:29  Refinery  
  15  0:38  SCV  
  16  0:43  Barracks  
  16  0:50  SCV  
  17  1:02  SCV  
  18  1:14  SCV  
  19  1:30  Reaper, Orbital Command  
  20  1:40  Command Center  
  20  1:51  Factory  
  20  1:56  SCV  
  21  2:01  Supply Depot  
  21  2:08  Barracks Reactor, SCV  
  22  2:13  Refinery  
  22  2:20  SCV  
  23  2:32  SCV  
  24  2:44  Starport  
  24  2:47  SCV  
  24  2:49  Hellion x2  
  29  2:51  Orbital Command  
  29  2:53  Marine  
  30  2:59  SCV  
  31  3:10  Hellion x2  
  35  3:12  Barracks Tech Lab  
  35  3:17  SCV x2, Supply Depot  
  37  3:20  Starport Tech Lab  
  37  3:29  SCV x2  
  43  3:38  Banshee  
  46  3:42  Supply Depot  
  46  3:43  SCV  
  46  3:45  SCV  
  48  3:48  Cloaking Field  
  45  3:55  SCV  
  45  3:58  SCV  
  45  4:00  Command Center  
  46  4:06  Stimpack, Marine  
  46  4:07  SCV  
  48  4:10  SCV  
  49  4:19  SCV  
  49  4:22  SCV  
  44  4:24  Banshee  
  45  4:32  SCV  
  45  4:34  Barracks  
  45  4:35  SCV, Barracks  
  45  4:36  Factory Reactor  
  47  4:44  SCV, Engineering Bay x2  
  48  4:47  SCV  
  48  4:48  Marine  
  50  4:55  Refinery  
  50  4:56  SCV  
  50  4:59  SCV  
  52  5:08  SCV  
  52  5:09  Barracks  
  52  5:11  SCV, Barracks  
  52  5:12  Terran Infantry Weapons Level 1, Terran Infantry Armor Level 1  
  52  5:14  Starport Reactor, Orbital Command  
  54  5:20  SCV  
  55  5:23  SCV  
  55  5:27  Marine  
  55  5:28  Marine x4  
  60  5:31  Siege Tank  
  60  5:32  SCV  
  65  5:35  SCV  
  65  5:36  Refinery  
  65  5:39  Supply Depot  
  66  5:44  SCV  
  66  5:45  Marine  
  66  5:47  SCV, Combat Shield, Marine x3  
  66  5:48  Marine  
  73  5:54  Supply Depot  
  73  5:55  Orbital Command  
  73  5:56  SCV, Supply Depot  
  74  5:58  Medivac  
  74  6:01  Medivac  
  78  6:04  Barracks Reactor  
  78  6:10  Barracks Reactor, SCV  
  78  6:11  SCV  
  80  6:14  Supply Depot  
  80  6:17  Marine x4  
  84  6:20  SCV  
  84  6:21  Supply Depot  
  84  6:22  SCV  
  84  6:23  SCV  
  84  6:25  Siege Tank  
  90  6:31  Missile Turret  
  90  6:32  Missile Turret  
  90  6:33  Missile Turret, Marine  
  90  6:35  Marine  
  90  6:39  SCV  
  93  6:40  SCV x2  
  93  6:41  Supply Depot, Marine x3  
  93  6:46  Marine  
  93  6:47  Marine  
  99  6:50  Medivac x2  
  99  6:51  SCV  
  99  6:53  Missile Turret  
  105  6:56  SCV x2  
  105  6:57  Supply Depot  
  105  6:59  Siege Tank  
  110  7:03  SCV  
  110  7:06  Marine x5  
  110  7:07  Marine  
  117  7:08  SCV  
  117  7:14  SCV  
  119  7:16  Marine x2  
  119  7:19  Armory  
  119  7:21  SCV  
  122  7:23  Supply Depot  
  122  7:25  Medivac x2, Marine x3  
  122  7:26  Marine x2  
  131  7:35  Marine x2  
  133  7:45  Marine x5  
  133  7:46  Supply Depot  
  133  7:47  Supply Depot x2  
  133  7:50  Marine  
  133  7:51  Marine  
  140  7:52  Marine  
  140  7:55  Factory  
  141  7:58  Marine, Siege Tank  
  145  8:11  Marine  
  139  8:15  Marine x6  
  139  8:19  Command Center  
  145  8:25  Terran Infantry Armor Level 2, Terran Infantry Weapons Level 2  
  142  8:28  SCV  
  142  8:29  SCV  
  142  8:30  SCV, Refinery x2  
  145  8:38  Marauder, Marine x7  
  154  8:43  SCV x2  
  154  8:46  Drilling Claws, Factory Reactor  
  154  8:48  Supply Depot  
  156  8:53  SCV  
  157  9:00  Marauder, Marine x5  
  157  9:01  Thor  
  170  9:03  Supply Depot  
  170  9:11  Missile Turret x2  
  170  9:12  Medivac x2  
  174  9:21  Marine  
  174  9:22  Marauder, Marine x4  
  181  9:25  Marine  
  181  9:28  Supply Depot  
  182  9:33  Missile Turret x3  
  179  9:38  Barracks  
  179  9:40  Marine, Barracks  
  179  9:41  Widow Mine x2  
  179  9:42  Barracks  
  179  9:43  Marauder  
  179  9:44  Thor  
  179  9:45  Medivac x2  
  193  9:53  Missile Turret  
  193  9:59  Sensor Tower  
  193  10:03  Marine x2  
  193  10:04  Marine  
  193  10:05  Marauder  
  200  10:07  Widow Mine  
  200  10:08  Planetary Fortress  
  200  10:10  Missile Turret  
  200  10:13  Missile Turret x2  
  200  10:16  Missile Turret  
  193  10:30  Barracks Tech Lab x3  
  193  10:40  Marauder, Marine x2  
  197  10:46  Command Center  
  197  10:51  Terran Infantry Weapons Level 3, Terran Infantry Armor Level 3  
  197  11:02  Marauder  
  197  11:03  Marine  
  200  11:11  Marauder x2  
  200  11:23  Marauder  
  200  11:36  Marauder  
  199  11:42  Marine x2  
  199  11:43  Marauder x2, Marine x3  
  199  11:45  SCV x3, Marauder  
  186  11:48  Barracks Tech Lab  
  182  11:57  SCV x2  
  182  11:58  SCV, Marauder  
  187  12:03  SCV  
  187  12:04  Marauder  
  187  12:07  Marauder, Marine  
  187  12:08  Marauder  
  188  12:09  SCV  
  188  12:10  SCV x2  
  188  12:15  SCV  
  192  12:19  Command Center  
  192  12:21  SCV  
  192  12:22  SCV  
  192  12:30  Marauder, Marine x2  
  192  12:31  Marauder  
  192  12:34  Concussive Shells  
  192  12:35  Marauder  
  196  12:47  SCV x2  
  196  12:51  Missile Turret  
  195  12:52  Missile Turret  
  195  13:02  Missile Turret  
  188  13:06  SCV  
  188  13:08  Marine x2  
  188  13:09  Marauder x2  
  188  13:11  SCV x2  
  193  13:14  Marauder, Marine  
  193  13:15  Marauder x2  
  193  13:16  Starport Reactor  
  193  13:18  SCV  
  195  13:22  Supply Depot  
  195  13:23  Supply Depot  
  194  13:31  SCV  
  195  13:35  Planetary Fortress  
  195  13:39  SCV x2  
  195  13:40  Marauder x2, Widow Mine, Marine  
  195  13:41  Widow Mine x2  
  195  13:45  Marine  
  195  13:46  Marauder x3, Marine x3  
  153  13:51  Marine  
  153  13:53  Medivac x2  
  153  13:55  SCV x3  
  132  13:57  Marine  
  132  14:01  Marauder, Widow Mine  
  132  14:02  Marauder, Widow Mine  
  143  14:03  Widow Mine, Marine  
  143  14:07  SCV x2, Marauder  
  143  14:08  Marauder  
  150  14:11  Marauder, Marine x2  
  154  14:19  SCV x2  
  154  14:22  Marauder, Widow Mine  
  154  14:23  Medivac x2  
  164  14:24  Widow Mine  
  164  14:26  Widow Mine  
  164  14:27  Marauder  
  164  14:29  Marauder x2  
  164  14:30  SCV  
  171  14:31  SCV x2  
  173  14:44  Widow Mine  
  173  14:45  Widow Mine  
  177  14:46  Marine  
  177  14:47  Marauder, Widow Mine  
  167  14:56  Marauder, Marine  
  167  14:59  Marauder, Marine  
  152  15:05  Widow Mine  
  152  15:06  Marine x2  
  152  15:07  Engineering Bay, Marauder x2, Widow Mine  
  166  15:09  Liberator  
  166  15:10  Liberator  
  166  15:12  Marauder, Marine  
  171  15:14  Marine x2  
  171  15:16  Marine  
  171  15:18  Marauder  
  171  15:21  Marauder  
  177  15:23  SCV x3  
  177  15:24  Marine  
  177  15:28  Marauder x2, Widow Mine x2  
  182  15:39  Widow Mine  
  182  15:42  SCV, Refinery x2  
  185  15:43  SCV, Missile Turret  
  185  15:47  Marine  
  185  15:48  Marauder, Marine x2  
  185  15:49  Widow Mine x2  
  195  15:59  Liberator  
  166  16:14  Marauder x2, Marine x2  
  166  16:15  SCV  
  166  16:16  SCV  
  166  16:17  Marauder x2, Marine  
  168  16:24  Supply Depot  
  167  16:28  Widow Mine x2, Marine  
  167  16:29  Marauder  
  174  16:36  Marauder  
  174  16:37  Orbital Command  
  176  16:45  Marine x2  
  176  16:46  Marauder  
  178  16:52  Marine  
  178  16:53  Marauder x2, Marine  
  165  16:54  Marine  
  154  17:17  Marine x5  
  154  17:20  SCV x3  
  148  17:32  SCV x2  
  148  17:35  SCV  
  148  17:37  Marine x4  
  151  17:44  SCV x2  
  151  17:47  SCV  
  151  17:51  Marauder, Marine x3  
  150  17:52  Marauder  
  150  17:53  Marine  
  150  17:55  Orbital Command  
  150  17:57  SCV  
  155  18:19  Marauder x2, Marine x3  
  162  18:22  Marine  
  162  18:23  Marine  
  164  18:29  Widow Mine  
  164  18:30  Widow Mine  
  168  18:37  Marine  
  165  18:44  Marine x2  
  166  18:52  Widow Mine  
  131  19:10  Widow Mine x2, Marine  
  131  19:11  Marine x2  
  131  19:12  SCV  
  131  19:14  Widow Mine  
  131  19:23  Marauder  
  126  19:34  Marauder, Marine  
  126  19:35  Marauder  
Show
View Real Time Build Order
Export as new Build Order

Armani Zerg - Winner!

Build Orders: Hatch First, Muta Ling Bane 

Get SALT Encoding   

  12  0:00  Drone  
  13  0:11  Overlord  
  13  0:17  Drone  
  14  0:30  Drone x2  
  16  0:47  Hatchery  
  15  0:51  Drone  
  15  0:54  Drone  
  17  0:58  Drone  
  18  1:07  Extractor  
  17  1:13  Spawning Pool  
  17  1:16  Drone  
  17  1:20  Drone  
  18  1:28  Drone  
  19  1:39  Drone  
  20  1:49  Drone  
  21  2:00  Queen x2  
  25  2:01  Zergling x4  
  27  2:16  Hatchery  
  27  2:19  Overlord  
  27  2:22  Drone  
  27  2:25  Drone  
  28  2:36  Pneumatized Carapace  
  28  2:39  Drone  
  28  2:40  Drone  
  30  2:45  Queen  
  30  2:48  Drone  
  30  2:50  Drone  
  34  2:57  Metabolic Boost  
  34  3:00  Overlord  
  34  3:03  Drone  
  34  3:04  Drone  
  36  3:18  Drone x6  
  42  3:26  Roach Warren  
  41  3:27  Drone  
  41  3:28  Extractor  
  41  3:30  Drone  
  41  3:32  Drone  
  43  3:39  Overlord  
  43  3:41  Drone  
  43  3:42  Drone  
  43  3:43  Drone  
  43  3:45  Drone  
  47  3:52  Lair  
  47  3:53  Zergling x4  
  47  3:55  Overlord  
  50  3:59  Queen  
  52  4:03  Extractor  
  52  4:04  Spore Crawler, Drone x2  
  52  4:09  Drone  
  55  4:10  Drone x2  
  52  4:24  Drone x9  
  52  4:30  Queen  
  63  4:33  Drone x2  
  63  4:36  Extractor  
  63  4:37  Extractor  
  63  4:39  Spore Crawler  
  63  4:40  Spore Crawler  
  63  4:42  Spore Crawler  
  63  4:43  Drone  
  61  4:46  Drone x2  
  63  4:53  Overseer, Spire  
  63  4:55  Drone  
  63  4:57  Drone  
  64  5:00  Drone x2  
  64  5:03  Overlord  
  66  5:08  Overseer  
  66  5:09  Baneling Nest  
  66  5:10  Drone  
  66  5:15  Overlord  
  66  5:22  Drone x4  
  66  5:23  Drone x3  
  66  5:25  Drone  
  66  5:27  Overlord  
  74  5:30  Overlord  
  74  5:33  Drone  
  74  5:34  Drone x2  
  74  5:35  Drone  
  78  5:48  Drone x6  
  78  5:49  Extractor  
  83  5:50  Extractor  
  83  5:54  Centrifical Hooks  
  82  6:00  Hatchery, Overlord  
  82  6:01  Overlord  
  81  6:08  Mutalisk x4  
  89  6:12  Overlord  
  89  6:16  Zerg Flyer Weapons Level 1  
  89  6:19  Mutalisk x2  
  89  6:21  Zergling x6  
  89  6:22  Zergling x4  
  89  6:24  Zergling x2  
  89  6:25  Zergling x4  
  101  6:28  Mutalisk  
  101  6:30  Mutalisk  
  101  6:32  Zergling x6  
  108  6:50  Drone x3  
  108  6:53  Evolution Chamber  
  108  6:54  Baneling x16  
  110  6:55  Overlord, Evolution Chamber  
  110  6:56  Overlord  
  110  6:58  Drone x5  
  110  7:01  Overlord  
  114  7:03  Drone  
  114  7:05  Overlord  
  113  7:16  Mutalisk x3  
  113  7:18  Drone x5  
  113  7:22  Queen  
  126  7:24  Drone  
  126  7:25  Zerg Ground Armor Level 1  
  126  7:27  Overlord  
  127  7:31  Zerg Melee Weapons Level 1  
  127  7:33  Mutalisk  
  127  7:35  Drone x4  
  127  7:37  Drone, Extractor x2  
  131  7:38  Drone x2  
  131  7:39  Spore Crawler  
  131  7:41  Mutalisk  
  135  7:47  Zergling x10  
  135  7:49  Baneling  
  135  7:50  Baneling x5  
  139  7:53  Zergling x8  
  139  7:55  Zergling x10  
  148  7:59  Drone x2  
  148  8:04  Zergling x6  
  148  8:13  Zergling x8  
  148  8:18  Mutalisk x3  
  148  8:19  Overlord  
  158  8:20  Overlord  
  158  8:21  Overlord  
  158  8:24  Baneling x12  
  158  8:26  Overlord  
  158  8:28  Drone  
  158  8:32  Hatchery  
  158  8:35  Overlord  
  158  8:42  Drone x3  
  158  8:45  Infestation Pit, Zerg Flyer Weapons Level 2  
  158  8:46  Mutalisk x3  
  158  8:48  Zergling x16  
  174  8:54  Mutalisk  
  172  9:01  Hatchery  
  171  9:09  Drone x2  
  178  9:10  Mutalisk x3, Drone x7  
  178  9:12  Mutalisk  
  187  9:19  Drone x3  
  187  9:21  Drone x3  
  191  9:29  Hive  
  190  9:32  Overseer  
  190  9:36  Zergling x20  
  199  9:46  Spine Crawler, Spore Crawler  
  199  9:49  Zergling x4  
  199  9:50  Zergling x2  
  199  9:57  Zerg Ground Armor Level 2, Zerg Melee Weapons Level 2  
  199  10:09  Burrow  
  199  10:13  Spine Crawler  
  198  10:14  Spine Crawler  
  198  10:15  Spine Crawler  
  198  10:16  Spine Crawler  
  189  10:32  Zergling x22  
  200  10:40  Hatchery  
  197  10:43  Adrenal Glands  
  197  10:46  Ultralisk Cavern  
  195  11:01  Zergling x8  
  196  11:23  Baneling x8  
  193  11:36  Zergling x20  
  198  11:41  Zergling x4  
  184  11:58  Chitinous Plating  
  168  12:02  Ultralisk x4  
  168  12:07  Zergling x36  
  199  12:11  Baneling x5  
  199  12:12  Baneling x10  
  199  12:16  Spore Crawler  
  199  12:17  Spine Crawler  
  199  12:18  Spine Crawler  
  199  12:20  Zerg Melee Weapons Level 3, Zerg Ground Armor Level 3  
  196  12:27  Hatchery  
  183  12:40  Baneling x19  
  183  12:42  Ultralisk x2  
  195  12:46  Hatchery  
  195  12:49  Zergling x14  
  183  13:11  Ultralisk x2  
  195  13:17  Anabolic Synthesis  
  188  13:21  Zergling x20  
  188  13:22  Overlord x2  
  188  13:23  Overlord  
  188  13:24  Overlord  
  188  13:26  Overlord  
  190  13:30  Overlord  
  190  13:31  Overseer  
  190  13:35  Overlord x2  
  190  13:36  Overlord  
  190  13:42  Overlord  
  183  13:48  Ultralisk x4  
  183  13:49  Zergling x10  
  183  13:50  Zergling x24  
  183  13:51  Overseer  
  171  14:02  Zergling x10  
  170  14:03  Queen  
  170  14:09  Baneling  
  168  14:10  Baneling x28  
  166  14:19  Zergling x2  
  166  14:20  Zergling x18  
  166  14:23  Spore Crawler  
  166  14:24  Spore Crawler  
  169  14:38  Zergling x30  
  172  14:39  Zergling x6  
  172  14:45  Ultralisk x2  
  195  14:49  Zergling x4  
  195  14:50  Zergling x2  
  187  14:56  Overlord  
  187  14:57  Overseer x4  
  187  14:59  Zergling x2  
  179  15:00  Zergling x6  
  180  15:07  Baneling x18  
  180  15:08  Baneling x7  
  180  15:11  Zergling x28  
  180  15:13  Drone x4  
  183  15:36  Zergling x8  
  183  15:37  Zergling x20  
  191  16:05  Mutalisk x4  
  191  16:06  Mutalisk x4  
  168  16:21  Mutalisk x7  
  168  16:23  Zergling x4  
  168  16:24  Zergling x14  
  189  16:29  Baneling x5  
  186  16:34  Zergling x16  
  186  16:35  Zergling x6  
  197  16:40  Baneling x9  
  184  16:52  Ultralisk  
  156  16:54  Zergling x22  
  156  16:55  Zergling x6  
  156  16:59  Baneling x8  
  158  17:02  Overseer  
  149  17:10  Hatchery  
  147  17:20  Zergling x28  
  154  17:24  Queen x4  
  161  17:35  Baneling x7  
  161  17:42  Mutalisk x5  
  163  17:49  Zergling x22  
  173  17:57  Drone  
  167  18:08  Ultralisk x2  
  167  18:09  Zergling x22  
  167  18:12  Hatchery  
  186  18:13  Overseer  
  186  18:15  Zergling x8  
  190  18:25  Baneling x14  
  188  18:29  Zergling x10  
  192  18:43  Baneling  
  192  18:44  Baneling x5  
  189  18:49  Zergling x20  
  182  19:05  Baneling x2  
  182  19:06  Baneling x2  
  168  19:18  Zergling x40  
  168  19:22  Baneling  
  168  19:24  Baneling x14  
  175  19:31  Zergling x2  
  175  19:32  Zergling x14  
Tags
 
Add a new tag
Caveats
  • Supply blocks, unpowered buildings, or Contaminate may cause inaccurate times.
  • Supply counts are checked every 10 seconds.